Workbook

Sheet 2027 Budget -Draft
A1: Town of Cross Plains
A2: 2027 Budget Worksheet
B5: Jan - Dec 2020 | C5: Jan - Dec 2021 | D5: Jan - Dec 2022 | E5: Jan - Dec 2023 | F5: Jan - Dec 2024 | G5: Jan - Dec 2025 | H5: Jan - Sept 2026 | I5: 2026 Budget | J5: 2027 Budget Draft
A6: Income
A7: 100 Taxes
A8: 102 Special Assessments | B8: =-34.68 -> -34.68 | C8: =-0.55 -> -0.55 | D8: =10.24 -> 10.24 | E8: =132.11 -> 132.11 | F8: 22.1 | G8: -7339.08 | H8: -7344 | I8: 0 | J8: 0
A9: 41110 General Property Taxes | B9: =669060.46 -> 669060.46 | C9: =725484.97 -> 725484.97 | D9: =729448.51 -> 729448.51 | E9: =736184.55-1114.58 -> 735069.97 | F9: 755012.21 | G9: 790841.2 | H9: 844251.48 | I9: =793984+5495.52+45000 -> 844479.52 | J9: =+'Debt Service & Levy Calculation'!H17 -> 785987.9 | K9: Levy per worksheet - Note Lower Debt Service (CP Fire Truck paid off at end of 2026
A10: 41150 Managed Forest Land Taxes | B10: =4110.3 -> 4110.3 | C10: =4451.75 -> 4451.75 | D10: =4258.96 -> 4258.96 | E10: =4481.44 -> 4481.44 | F10: 6357.05 | G10: -1388.14 | H10: 202.62 | I10: 0 | J10: 0
A11: 41160 Prior Yrs Ommited/Refund Property Taxes | C11: =7025.59 -> 7025.59 | D11: =-328.44 -> -328.44 | E11: =3665.1 -> 3665.1 | F11: =0 -> 0 | G11: =0 -> 0 | H11: -3092.01 | I11: 0 | J11: 0
A12: 41500 Lottery Credit | B12: =13769.62 -> 13769.62 | C12: =12077.71 -> 12077.71 | D12: =17713.73 -> 17713.73 | E12: =17734.79 -> 17734.79 | F12: 19986.54 | G12: 16219.71 | H12: 15405.85 | I12: 0 | J12: 0
A13: Total 100 Taxes | B13: =(((((B7)+(B8))+(B9))+(B10))+(B11))+(B12) -> 686905.7 | C13: =(((((C7)+(C8))+(C9))+(C10))+(C11))+(C12) -> 749039.47 | D13: =(((((D7)+(D8))+(D9))+(D10))+(D11))+(D12) -> 751103 | E13: =(((((E7)+(E8))+(E9))+(E10))+(E11))+(E12) -> 761083.41 | F13: =(((((F7)+(F8))+(F9))+(F10))+(F11))+(F12) -> 781377.9 | G13: =(((((G7)+(G8))+(G9))+(G10))+(G11))+(G12) -> 798333.69 | H13: =(((((H7)+(H8))+(H9))+(H10))+(H11))+(H12) -> 849423.94 | I13: =SUM(I8:I12) -> 844479.52 | J13: =SUM(J8:J12) -> 785987.9
A14: 103 Intergovernment Revenues
A15: 43300 Other Fed Pmts(Fish & Wildlife) | B15: =2987 -> 2987 | C15: =2808 -> 2808 | D15: =2784 -> 2784 | E15: =3115 -> 3115 | F15: 2906 | G15: 2791 | H15: 2962 | I15: 2800 | J15: 2962
A16: 43310 FEMA Highway Aid | B16: =5720.44 -> 5720.44 | D16: =82569.64 -> 82569.64 | I16: 0 | J16: 0
A17: 43420 Fire Insurance Tax/2% fire dues | B17: =9049.01 -> 9049.01 | C17: =9937.31 -> 9937.31 | D17: =10115.05 -> 10115.05 | E17: =10818.21 -> 10818.21 | F17: 12773.09 | G17: 15124.94 | H17: 15858.48 | I17: 15124.94 | J17: 15858.48 | K17: Due Assumption is that all will be paid out to Fire Deparments(see expense line below, net $0)
A18: 43430 Other incl. Exempt Computer Aid | B18: =1128.09 -> 1128.09 | C18: =2733.49 -> 2733.49 | D18: =1128.09 -> 1128.09 | E18: =13.51 -> 13.51 | F18: 13.51 | G18: 13.51 | H18: 13.51 | I18: 13.51 | J18: 13.51
A19: 43533 Other Highway Aid- PECFA & FEMA | D19: =909069.88 -> 909069.88 | I19: 0 | J19: 0
A20: 43545 State Recycling Grant | B20: =3317.26 -> 3317.26 | C20: =3329.32 -> 3329.32 | D20: =3320.82 -> 3320.82 | E20: =3322.51 -> 3322.51 | F20: =3326.79 -> 3326.79 | G20: 3324.84 | H20: 3324.94 | I20: 3324.84 | J20: 3324.94
A21: 43610 Pmt for Municipal Services Aid | B21: =291.79 -> 291.79 | C21: =394.55 -> 394.55 | D21: =446.36 -> 446.36 | E21: =474.21 -> 474.21 | F21: =721.61 -> 721.61 | G21: 578.94 | H21: 586.15 | I21: 578.94 | J21: 586.15
A22: 43620 PILT-Conservation Lands | B22: =8058.87 -> 8058.87 | C22: =7556.53 -> 7556.53 | D22: =8273.4 -> 8273.4 | E22: =7367.6 -> 7367.6 | F22: 7124.35 | G22: 7188.48 | H22: 10954.15 | I22: 7188.48 | J22: =+H22 -> 10954.15
A23: 43640 Severance/yield/withdrawal tax | B23: =1461.4 -> 1461.4 | C23: =11318.56 -> 11318.56 | D23: =486.16 -> 486.16 | E23: =3140.87 -> 3140.87 | F23: =2885.92 -> 2885.92 | G23: 10855.65 | H23: 0 | I23: 0 | J23: 0 | K23: Ad Conversion Fees, never know if there will be any and how much, so budget $0.
A24: 43660 DNR Pay/Yield Tax MFL Contracts | B24: =156.08 -> 156.08 | C24: =176.77 -> 176.77 | D24: =196.18 -> 196.18 | E24: =221.18 -> 221.18 | F24: 180.7 | G24: 168.5 | H24: 0 | I24: 210 | J24: 210
A25: 43710 County Highway and Bridge Aid | C25: =171637.48 -> 171637.48 | D25: =50503.88 -> 50503.88 | I25: 0 | J25: 0
A26: 43790 OtherLocalGov't Grants(W/R2R) | B26: =28125.61 -> 28125.61 | C26: =0 -> 0 | D26: =900073.69 -> 900073.69 | F26: =600 -> 600 | G26: 1100 | H26: 0 | I26: 0 | J26: 0
A27: ATC ATC Annual Payment | E27: =86508.84 -> 86508.84 | F27: 86508.84 | G27: =86508.84 -> 86508.84 | H27: =86508.84 -> 86508.84 | I27: 86508.84 | J27: =+I27 -> 86508.84
A28: Total 103 Intergovernment Revenues | B28: =(((((((((((((B14)+(B15))+(B16))+(B17))+(B18))+(B19))+(B20))+(B21))+(B22))+(B23))+(B24))+(B25))+(B26))+(B27) -> 60295.55 | C28: =(((((((((((((C14)+(C15))+(C16))+(C17))+(C18))+(C19))+(C20))+(C21))+(C22))+(C23))+(C24))+(C25))+(C26))+(C27) -> 209892.01 | D28: =(((((((((((((D14)+(D15))+(D16))+(D17))+(D18))+(D19))+(D20))+(D21))+(D22))+(D23))+(D24))+(D25))+(D26))+(D27) -> 1968967.1 | E28: =(((((((((((((E14)+(E15))+(E16))+(E17))+(E18))+(E19))+(E20))+(E21))+(E22))+(E23))+(E24))+(E25))+(E26))+(E27) -> 114981.93 | F28: =(((((((((((((F14)+(F15))+(F16))+(F17))+(F18))+(F19))+(F20))+(F21))+(F22))+(F23))+(F24))+(F25))+(F26))+(F27) -> 117040.81 | G28: =(((((((((((((G14)+(G15))+(G16))+(G17))+(G18))+(G19))+(G20))+(G21))+(G22))+(G23))+(G24))+(G25))+(G26))+(G27) -> 127654.7 | H28: =(((((((((((((H14)+(H15))+(H16))+(H17))+(H18))+(H19))+(H20))+(H21))+(H22))+(H23))+(H24))+(H25))+(H26))+(H27) -> 120208.07 | I28: =+SUM(I15:I27) -> 115749.55 | J28: =+SUM(J15:J27) -> 120418.07
A29: 105 Licenses and Permits
A30: 44100 Business&Occupational Licenses | B30: =1159.5 -> 1159.5 | C30: =1041.6 -> 1041.6 | D30: =1118.14 -> 1118.14 | E30: =1058.5 -> 1058.5 | F30: 1049.5 | G30: 1139.5 | H30: 947.5 | I30: 1000 | J30: 1000
A31: 44200 Nonbusiness Licenses (incl dog) | B31: =1489.5 -> 1489.5 | C31: =1255 -> 1255 | D31: =1482.5 -> 1482.5 | E31: =1400 -> 1400 | F31: 1389 | G31: 1616 | H31: 1857.75 | I31: 1400 | J31: 1600
A32: 44300 Building Permits & Inspection | B32: =16815.75 -> 16815.75 | C32: =32368.52 -> 32368.52 | D32: =32313.36 -> 32313.36 | E32: =31632.44 -> 31632.44 | F32: 5815.91 | G32: 7925.52 | H32: 3394.77 | I32: 4000 | J32: 4000 | K32: Budgeted for 15% Net TCP will received from Processor
A33: 44400 Zoning Permits & Fees | B33: =750 -> 750 | C33: =1050 -> 1050 | D33: =450 -> 450 | E33: =150 -> 150 | F33: 1050 | G33: 450 | H33: 450 | I33: 500 | J33: 500
A34: 44500 Driveway Fees | B34: =1800 -> 1800 | C34: =2000 -> 2000 | D34: =1800 -> 1800 | E34: =1800 -> 1800 | F34: 600 | G34: 1000 | H34: 600 | I34: 400 | J34: 600
A35: Liquor License Publication Fee | B35: =0 -> 0 | E35: =5 -> 5 | F35: 0 | G35: 0 | H35: 156 | I35: 0 | J35: 0
A36: Total 105 Licenses and Permits | B36: =((((((B29)+(B30))+(B31))+(B32))+(B33))+(B34))+(B35) -> 22014.75 | C36: =((((((C29)+(C30))+(C31))+(C32))+(C33))+(C34))+(C35) -> 37715.12 | D36: =((((((D29)+(D30))+(D31))+(D32))+(D33))+(D34))+(D35) -> 37164 | E36: =((((((E29)+(E30))+(E31))+(E32))+(E33))+(E34))+(E35) -> 36045.94 | F36: =((((((F29)+(F30))+(F31))+(F32))+(F33))+(F34))+(F35) -> 9904.41 | G36: =((((((G29)+(G30))+(G31))+(G32))+(G33))+(G34))+(G35) -> 12131.02 | H36: =((((((H29)+(H30))+(H31))+(H32))+(H33))+(H34))+(H35) -> 7406.02 | I36: =+SUM(I30:I35) -> 7300 | J36: =+SUM(J30:J35) -> 7700
A37: 113 Interest/Div/Searches/Misc.
A38: 48110 Interest Income | B38: =955.37 -> 955.37 | C38: =596.56 -> 596.56 | D38: =4785.79 -> 4785.79 | E38: =44137.12 -> 44137.12 | F38: 102884.77 | G38: 73849.83 | H38: 55389.55 | I38: 45000 | J38: =1200000*0.0375 -> 45000 | K38: Interest rates currently at 3.75 at LRB, figured on 1.2 Million
A39: 48305 Sale of Trucks or Highway Equip | B39: 0 | C39: 0 | D39: =84898 -> 84898 | E39: 0 | F39: 0 | G39: 0 | H39: 61160 | I39: 0 | J39: 0
A40: 48600 Sponsor MHFD SAP Funds
A41: 48900 Other Misc. Revenues | B41: =151.37 -> 151.37 | C41: =10322.42 -> 10322.42 | D41: =6000 -> 6000 | E41: =2858.75 -> 2858.75 | F41: =110260 -> 110260 | G41: 24 | H41: -14 | I41: 0 | J41: 0
A42: Title Searches | B42: =475 -> 475 | C42: =1250 -> 1250 | D42: =500 -> 500 | E42: =825 -> 825 | F42: 850 | G42: 775 | H42: 950 | I42: 500 | J42: 900
A43: Total 113 Interest/Div/Searches/Misc. | B43: =(((((B37)+(B38))+(B39))+(B40))+(B41))+(B42) -> 1581.74 | C43: =(((((C37)+(C38))+(C39))+(C40))+(C41))+(C42) -> 12168.98 | D43: =(((((D37)+(D38))+(D39))+(D40))+(D41))+(D42) -> 96183.79 | E43: =(((((E37)+(E38))+(E39))+(E40))+(E41))+(E42) -> 47820.87 | F43: =(((((F37)+(F38))+(F39))+(F40))+(F41))+(F42) -> 213994.77 | G43: =(((((G37)+(G38))+(G39))+(G40))+(G41))+(G42) -> 74648.83 | H43: =(((((H37)+(H38))+(H39))+(H40))+(H41))+(H42) -> 117485.55 | I43: =+SUM(I38:I42) -> 45500 | J43: =+SUM(J38:J42) -> 45900
A44: 115 ARPA Local Fiscal RecoveryFunds | C44: =78239.74 -> 78239.74 | I44: 0 | J44: 0
A45: 200 Misc. Inflows (not TCP Income)
A46: Park Association Income | B46: =11500 -> 11500 | C46: =11500 -> 11500 | D46: =21500 -> 21500 | E46: =1500 -> 1500 | F46: 21500 | G46: 11500 | H46: 10000 | I46: 1500 | J46: 1500 | K46: Assuming TCP recieves the usually Award form CP Community Chest of $1500
A47: Total 200 Misc. Inflows (not TCP Income) | B47: =(B45)+(B46) -> 11500 | C47: =(C45)+(C46) -> 11500 | D47: =(D45)+(D46) -> 21500 | E47: =(E45)+(E46) -> 1500 | F47: =(F45)+(F46) -> 21500 | G47: =(G45)+(G46) -> 11500 | H47: =(H45)+(H46) -> 10000 | I47: =+I46 -> 1500 | J47: =+J46 -> 1500
A48: 250 Surplus Applied | B48: =26482.69 -> 26482.69 | I48: 0 | J48: 0
A49: Surplus applied to CP Tender Replacement | I49: 135000 | J49: 0
A50: Surplus applied to CP/Berry Fire Dept - Capital Items | J50: 105440.97
A51: Surplus applied to Old Military Road Project - MSA Expenses | H51: 68094.6 | I51: 125975 | J51: 0
A52: Surplus applied to New Truck | H52: =136202.6-68094.6 -> 68108 | I52: 68108 | J52: 0
A53: 256 Surplus interest - applied to (2024 Town Revaluation & 2025 Budget) | F53: 32335.56 | G53: 48677.04 | H53: 0 | I53: 0 | J53: 0
A54: 256 Surplus 2025 interest - 2026 Budget | I54: 0 | J54: 0
A55: 257 ATC&ARPA Surplus- Applied CC Capital Improv. | F55: 105000 | G55: 0 | H55: 0 | I55: 0 | J55: 0
A56: 43410 State Shared Revenues | B56: =24476.45 -> 24476.45 | C56: =24249.8 -> 24249.8 | D56: =24060.93 -> 24060.93 | E56: =24775.11 -> 24775.11 | F56: 93241.25 | G56: 94148.02 | H56: 0 | I56: 95898.16 | J56: 97036.29 | K56: Per WI DOR Letter 9/15/2026
A57: 43531 State Transportation Aids | B57: =118601.64 -> 118601.64 | C57: =118601.64 -> 118601.64 | D57: =120993.53 -> 120993.53 | E57: =124415.81 -> 124415.81 | F57: 123385.42 | G57: 123385.42 | H57: 99181.77 | I57: 123230.9 | J57: 135960.9 | K57: Per WI DOR Letter 9/21/2026
A58: 46743 Community Center Rental | B58: =1995 -> 1995 | C58: =7535 -> 7535 | D58: =14446 -> 14446 | E58: =14935 -> 14935 | F58: 15135 | G58: 14360 | H58: 11400 | I58: 14000 | J58: 15000
A59: Total Income | B59: =((((((((((B13)+(B28))+(B36))+(B43))+(B44))+(B47))+(B48))+(B53))+(B56))+(B57))+(B58) -> 953853.52 | C59: =((((((((((C13)+(C28))+(C36))+(C43))+(C44))+(C47))+(C48))+(C53))+(C56))+(C57))+(C58) -> 1248941.8 | D59: =((((((((((D13)+(D28))+(D36))+(D43))+(D44))+(D47))+(D48))+(D53))+(D56))+(D57))+(D58) -> 3034418.4 | E59: =((((((((((E13)+(E28))+(E36))+(E43))+(E44))+(E47))+(E48))+(E53))+(E56))+(E57))+(E58) -> 1125558.1 | F59: =((((((((((F13)+(F28))+(F36))+(F43))+(F44))+(F47))+(F48))+(F53))+(F56))+(F57))+(F58)+F55 -> 1512915.1 | G59: =((((((((((G13)+(G28))+(G36))+(G43))+(G44))+(G47))+(G48))+(G53))+(G56))+(G57))+(G58) -> 1304838.7 | H59: =((((((((((H13)+(H28))+(H36))+(H43))+(H44))+(H47))+(H48))+(H53))+(H56))+(H57))+(H58)+H51+H52 -> 1351307.9 | I59: =((((((((((I13)+(I28))+(I36))+(I43))+(I44))+(I47))+(I48))+(I53))+(I56))+(I57))+(I58)+I55+I51+I49+I52 -> 1576741.1 | J59: =((((((((((J13)+(J28))+(J36))+(J43))+(J44))+(J47))+SUM(J48:J58))))) -> 1314944.1
A60: Gross Profit | B60: =(B59)-(0) -> 953853.52 | C60: =(C59)-(0) -> 1248941.8 | D60: =(D59)-(0) -> 3034418.4 | E60: =(E59)-(0) -> 1125558.1 | F60: =(F59)-(0) -> 1512915.1 | G60: =(G59)-(0) -> 1304838.7 | H60: =(H59)-(0) -> 1351307.9 | I60: =+I59 -> 1576741.1 | J60: =+J59 -> 1314944.1
A61: Expenses
A62: 118 General Government
A63: 51100 Legislative
A64: 51100a Board-Wages/PerDiem/Travel/FICA | B64: =10084.03 -> 10084.03 | C64: =9930.89 -> 9930.89 | D64: =9930.85 -> 9930.85 | E64: =9930.88 -> 9930.88 | F64: 9930.88 | G64: 9800.27 | H64: 7448.16 | I64: 10000 | J64: 10000
A65: 51100b Plan Commission
A66: Administrative Expenses | I66: 500 | J66: 500
A67: PC & Secretary Wages/FICA | B67: =2559.98 -> 2559.98 | C67: =2673.43 -> 2673.43 | D67: =2449.62 -> 2449.62 | E67: =2270.82 -> 2270.82 | F67: 1989.64 | G67: 4730.59 | H67: 2612.13 | I67: 4000 | J67: 4000 | K67: Budgetting for 7 Members (Secretary's Duties are covered by Deputy Clerk)
A68: PC Legal Notices | F68: =57.32 -> 57.32 | G68: 0 | H68: 0 | I68: 0 | J68: 0
A69: Total 51100b Plan Commission | B69: =((B65)+(B67))+(B68) -> 2559.98 | C69: =((C65)+(C67))+(C68) -> 2673.43 | D69: =((D65)+(D67))+(D68) -> 2449.62 | E69: =((E65)+(E67))+(E68) -> 2270.82 | F69: =((F65)+(F67))+(F68) -> 2046.96 | G69: =((G65)+(G67))+(G68) -> 4730.59 | H69: =((H65)+(H67))+(H68) -> 2612.13 | I69: =SUM(I66:I68) -> 4500 | J69: =SUM(J66:J68) -> 4500
A70: Total 51100 Legislative | B70: =((B63)+(B64))+(B69) -> 12644.01 | C70: =((C63)+(C64))+(C69) -> 12604.32 | D70: =((D63)+(D64))+(D69) -> 12380.47 | E70: =((E63)+(E64))+(E69) -> 12201.7 | F70: =((F63)+(F64))+(F69) -> 11977.84 | G70: =((G63)+(G64))+(G69) -> 14530.86 | H70: =((H63)+(H64))+(H69) -> 10060.29 | I70: =+I64+I69 -> 14500 | J70: =+J64+J69 -> 14500
A71: 51300 Legal | B71: =3870 -> 3870 | G71: 11622.5 | H71: 8185.89 | I71: 5000 | J71: 10000
A72: 51400 General Administration
A73: 51400a Clerk-Wages/PerDiem/Travel/FICA | B73: =18206.18 -> 18206.18 | C73: =24151.34 -> 24151.34 | D73: =26912.52 -> 26912.52 | E73: =27009.43 -> 27009.43 | F73: 26912.57 | G73: 27102.24 | H73: 20184.39 | I73: 26912.5 | J73: =25000*1.0765 -> 26912.5 | K73: Clerk $25K plus FICA Need copy of Minutes from Annual Meeting Increase?
A74: 51400aa Clerk Health Insurance | D74: =704.25 -> 704.25 | E74: =8576.94 -> 8576.94 | F74: 10067.44 | G74: 2806.05 | H74: 144.79 | I74: 0 | J74: 0 | K74: Not being used in 2027
A75: 51400ab Clerk- Retirement | B75: =1141.25 -> 1141.25 | C75: =1507.54 -> 1507.54 | D75: =1624.92 -> 1624.92 | E75: =1706.05 -> 1706.05 | F75: 1725 | G75: 1300.94 | H75: 1350 | I75: 1800 | J75: =+(J73/1.0765)*0.0725 -> 1812.5 | K75: 2027 Employer Contribution is 7.25%? AI listed this %?
A76: 51400ac Deputy Clerk | B76: =1288.24 -> 1288.24 | C76: =4344.67 -> 4344.67 | D76: =6776.31 -> 6776.31 | E76: =5144.27 -> 5144.27 | F76: 10130.69 | G76: 6747.12 | H76: 5094.73 | I76: 10000 | J76: 8000
A77: Total 51400a Clerk-Wages/PerDiem/Travel/FICA | B77: =(((B73)+(B74))+(B75))+(B76) -> 20635.67 | C77: =(((C73)+(C74))+(C75))+(C76) -> 30003.55 | D77: =(((D73)+(D74))+(D75))+(D76) -> 36018 | E77: =(((E73)+(E74))+(E75))+(E76) -> 42436.69 | F77: =(((F73)+(F74))+(F75))+(F76) -> 48835.7 | G77: =(((G73)+(G74))+(G75))+(G76) -> 37956.35 | H77: =(((H73)+(H74))+(H75))+(H76) -> 26773.91 | I77: =+SUM(I73:I76) -> 38712.5 | J77: =+SUM(J73:J76) -> 36725
A78: 51400b Election | K78: 4 Elections in 2027
A79: Election - Deputy Clerk | D79: =616 -> 616 | G79: 0 | H79: 0 | I79: 0 | J79: 0
A80: Election Inspectors Stipends | B80: =6209.17 -> 6209.17 | C80: =2538.88 -> 2538.88 | D80: =5701.41 -> 5701.41 | E80: =2590.51 -> 2590.51 | F80: 5730.59 | G80: 2877.15 | H80: 4235.14 | I80: 4000 | J80: =+I80 -> 4000
A81: Election Notices | B81: =844.13 -> 844.13 | C81: =481.84 -> 481.84 | D81: =826.87 -> 826.87 | E81: =797.31 -> 797.31 | F81: 1128.41 | G81: 442.68 | H81: 59.8 | I81: 700 | J81: =+I81 -> 700
A82: Election Related Mileage | B82: =285.99 -> 285.99 | C82: =66.69 -> 66.69 | D82: =269.61 -> 269.61 | E82: =238.5 -> 238.5 | F82: 141.44 | G82: 89.18 | H82: 0 | I82: 200 | J82: =+I82 -> 200
A83: Election Supplies/Machine Maint | B83: =6246.02 -> 6246.02 | C83: =1377.4 -> 1377.4 | D83: =1684.03 -> 1684.03 | E83: =2738.88 -> 2738.88 | F83: 2825.15 | G83: 1842.9 | H83: 1811 | I83: 1750 | J83: =+I83+2247+1542 -> 5539 | K83: Added in Extra for Town costs of 1 DS300 $2,247 and 1 ExpressVote pieces of equipment $1,542
A84: Total 51400b Election | B84: =(((((B78)+(B79))+(B80))+(B81))+(B82))+(B83) -> 13585.31 | C84: =(((((C78)+(C79))+(C80))+(C81))+(C82))+(C83) -> 4464.81 | D84: =(((((D78)+(D79))+(D80))+(D81))+(D82))+(D83) -> 9097.92 | E84: =(((((E78)+(E79))+(E80))+(E81))+(E82))+(E83) -> 6365.2 | F84: =(((((F78)+(F79))+(F80))+(F81))+(F82))+(F83) -> 9825.59 | G84: =(((((G78)+(G79))+(G80))+(G81))+(G82))+(G83) -> 5251.91 | H84: =(((((H78)+(H79))+(H80))+(H81))+(H82))+(H83) -> 6105.94 | I84: =+SUM(I79:I83) -> 6650 | J84: =+SUM(J79:J83) -> 10439
A85: 51400c Adminstrative Expense
A86: Bank Service Charges | C86: =0 -> 0 | D86: =14 -> 14 | E86: =12 -> 12 | F86: 20 | G86: 40.04 | H86: 0 | I86: 0 | J86: 0
A87: Conference Fees | B87: =137.43 -> 137.43 | C87: =1812.38 -> 1812.38 | D87: =190 -> 190 | E87: =214 -> 214 | F87: 1290.39 | G87: 1024.65 | H87: 211 | I87: 2000 | J87: 1500
A88: Dog Licenses (Pmt to County) | B88: =1272.5 -> 1272.5 | C88: =1125 -> 1125 | D88: =1193.75 -> 1193.75 | E88: =1270.5 -> 1270.5 | F88: 1248.75 | G88: 1477.75 | H88: 1697.75 | I88: 1500 | J88: 1700
A89: Fly Dane (Data Map) | F89: =3300 -> 3300 | G89: 0 | H89: 0 | I89: 0 | J89: 0
A90: Greater Madison MPO Fees | G90: 0 | H90: 0 | I90: 0 | J90: 0
A91: Internet Service | B91: =886.5 -> 886.5 | C91: =714.41 -> 714.41 | D91: =708 -> 708 | E91: =708 -> 708 | F91: 708 | G91: 1188.99 | H91: 801 | I91: 1275 | J91: 1275
A92: IT/Technology Expense | F92: 7230.53 | G92: 8613.44 | H92: 2253.43 | I92: 8000 | J92: 4000 | K92: Includes VC3 $2,571/year (monthly $214.25), Advance Camera Co. LLC $599.88/yr (monthly $49.99) and Zoom $319.80/year =$3,490.68
A93: Legal Notices | B93: =859.84 -> 859.84 | C93: =954.24 -> 954.24 | D93: =670.92 -> 670.92 | E93: =962.79 -> 962.79 | F93: 1038.42 | G93: 1327.44 | H93: 1095.84 | I93: 1000 | J93: 1500
A94: Office Supplies & Expenses | B94: =2221.92 -> 2221.92 | C94: =1693.48 -> 1693.48 | D94: =3426.38 -> 3426.38 | E94: =1420.19 -> 1420.19 | F94: 2534.06 | G94: 3092.48 | H94: 3027.64 | I94: 3000 | J94: 4050 | K94: QBO $1,680/year (monthly $140.00) and all other office supplies
A95: Postage & Delivery | B95: =841.66 -> 841.66 | C95: =330 -> 330 | D95: =714 -> 714 | E95: =636.83 -> 636.83 | F95: 545.99 | G95: 227.03 | H95: 324.57 | I95: 800 | J95: 600
A96: Printing | B96: =293.94 -> 293.94 | C96: =640.25 -> 640.25 | D96: =630.12 -> 630.12 | E96: =1467.76 -> 1467.76 | F96: 1064.5 | G96: 1885.9 | H96: 219.05 | I96: 1500 | J96: 1500
A97: Telephone Expense | B97: =1240.02 -> 1240.02 | C97: =1265.66 -> 1265.66 | D97: =1252.37 -> 1252.37 | E97: =1259.89 -> 1259.89 | F97: 1278.53 | G97: 1185.92 | H97: 978.42 | I97: 1300 | J97: 1300
A98: Town Associations Dues | B98: =3645 -> 3645 | C98: =3645 -> 3645 | D98: =3876 -> 3876 | E98: =3932 -> 3932 | F98: 3982 | G98: 4096.3 | H98: 4147.55 | I98: 4500 | J98: 4500 | K98: WTA-TAC dues$500, WTA Membership Dues $1,365, and DCTA $2,404.80
A99: Website | C99: =42.34 -> 42.34 | D99: =1637.5 -> 1637.5 | E99: =1104.74 -> 1104.74 | F99: 1058.4 | G99: 1081.59 | H99: 818.55 | I99: 1250 | J99: 1250
A100: Total 51400c Adminstrative Expense | B100: =(((((((((((((B85)+(B86))+(B87))+(B88))+(B89))+(B91))+(B92))+(B93))+(B94))+(B95))+(B96))+(B97))+(B98))+(B99) -> 11398.81 | C100: =(((((((((((((C85)+(C86))+(C87))+(C88))+(C89))+(C91))+(C92))+(C93))+(C94))+(C95))+(C96))+(C97))+(C98))+(C99) -> 12222.76 | D100: =(((((((((((((D85)+(D86))+(D87))+(D88))+(D89))+(D91))+(D92))+(D93))+(D94))+(D95))+(D96))+(D97))+(D98))+(D99) -> 14313.04 | E100: =(((((((((((((E85)+(E86))+(E87))+(E88))+(E89))+(E91))+(E92))+(E93))+(E94))+(E95))+(E96))+(E97))+(E98))+(E99) -> 12988.7 | F100: =(((((((((((((F85)+(F86))+(F87))+(F88))+(F89))+(F91))+(F92))+(F93))+(F94))+(F95))+(F96))+(F97))+(F98))+(F99) -> 25299.57 | G100: =SUM(G86:G99) -> 25241.53 | H100: =SUM(H86:H99) -> 15574.8 | I100: =+SUM(I86:I99) -> 26125 | J100: =+SUM(J86:J99) -> 23175
A101: Total 51400 General Administration | B101: =(((B72)+(B77))+(B84))+(B100) -> 45619.79 | C101: =(((C72)+(C77))+(C84))+(C100) -> 46691.12 | D101: =(((D72)+(D77))+(D84))+(D100) -> 59428.96 | E101: =(((E72)+(E77))+(E84))+(E100) -> 61790.59 | F101: =(((F72)+(F77))+(F84))+(F100) -> 83960.86 | G101: =(((G72)+(G77))+(G84))+(G100) -> 68449.79 | H101: =(((H72)+(H77))+(H84))+(H100) -> 48454.65 | I101: =(((I72)+(I77))+(I84))+(I100) -> 71487.5 | J101: =(((J72)+(J77))+(J84))+(J100) -> 70339
A102: 51500 Financial Administration
...

Sheet 2027 Budget Summary
B1: Budget Summary for Town of Cross Plains
E2: Need to do Amendments
C3: 2027 | E3: 2026 | G3: % of | I3: $ of
C4: Budget | E4: Budget | G4: Change | I4: Change
A5: Revenues
B6: General Property Taxes | C6: =+'2027 Budget -Draft'!J13 -> 785987.9 | E6: =+'2027 Budget -Draft'!I9 -> 844479.52 | G6: =+(C6-E6)/C6 -> -0.074417965 | I6: =+C6-E6 -> -58491.62 | J6: CP Fire Truck Paid Off
B7: State Shared Revenue | C7: =+'2027 Budget -Draft'!J56 -> 97036.29 | E7: =+'2027 Budget -Draft'!I56 -> 95898.16 | G7: =+(C7-E7)/C7 -> 0.011728911 | I7: =+C7-E7 -> 1138.13
B8: State Highway Aid | C8: =+'2027 Budget -Draft'!J57 -> 135960.9 | E8: =+'2027 Budget -Draft'!I57 -> 123230.9 | G8: =+(C8-E8)/C8 -> 0.09362986 | I8: =+C8-E8 -> 12730
B9: Other Intergovernmental Revenues | C9: =+'2027 Budget -Draft'!J28-'2027 Budget -Draft'!J27 -> 33909.23 | E9: =+'2027 Budget -Draft'!I28-'2027 Budget -Draft'!I27 -> 29240.71 | G9: =+(C9-E9)/C9 -> 0.13767697 | I9: =+C9-E9 -> 4668.52
B10: Annual ATC Payment | C10: =+'2027 Budget -Draft'!J27 -> 86508.84 | E10: =+'2027 Budget -Draft'!I27 -> 86508.84 | G10: =+(C10-E10)/C10 -> 0 | I10: =+C10-E10 -> 0
B11: Community Center | C11: =+'2027 Budget -Draft'!J58 -> 15000 | E11: =+'2027 Budget -Draft'!I58 -> 14000 | G11: =+(C11-E11)/C11 -> 0.066666667 | I11: =+C11-E11 -> 1000
B12: Licenses and Permits | C12: =+'2027 Budget -Draft'!J36 -> 7700 | E12: =+'2027 Budget -Draft'!I36 -> 7300 | G12: =+(C12-E12)/C12 -> 0.051948052 | I12: =+C12-E12 -> 400
B13: Misc. Town Income (Park Fund) | C13: =+'2027 Budget -Draft'!J47 -> 1500 | E13: =+'2027 Budget -Draft'!I46 -> 1500 | G13: =+(C13-E13)/C13 -> 0 | I13: =+C13-E13 -> 0
B14: Interest/Dividends/Searches | C14: =+'2027 Budget -Draft'!J43 -> 45900 | E14: =+'2027 Budget -Draft'!I43 -> 45500 | G14: =+(C14-E14)/C14 -> 0.0087145969 | I14: =+C14-E14 -> 400
A15: Earned Revenues | C15: =SUM(C6:C14) -> 1209503.2 | E15: =SUM(E6:E14) -> 1247658.1 | G15: =+(C15-E15)/C15 -> -0.031545986 | I15: =+C15-E15 -> -38154.97
A16: Surplus Applied | C16: =+'2027 Budget -Draft'!J50 -> 105440.97 | E16: =+'2027 Budget -Draft'!I49+'2027 Budget -Draft'!I51+'2027 Budget -Draft'!I52 -> 329083 | G16: =+(C16-E16)/C16 -> -2.1210164 | I16: =+C16-E16 -> -223642.03 | J16: Applied Surplus to CP/Berry Fire Dept Capital Budget Items
A17: Total Revenues | C17: =+C15+C16 -> 1314944.1 | E17: =+E15+E16 -> 1576741.1 | G17: =+(C17-E17)/C17 -> -0.19909363 | I17: =+C17-E17 -> -261797
A19: Expenditures
B20: General Government | C20: =+'2027 Budget -Draft'!J115 -> 132039.01 | E20: =+'2027 Budget -Draft'!I115 -> 131789.54 | G20: =+(C20-E20)/C20 -> 0.0018893659 | I20: =+C20-E20 -> 249.47
B21: Town Assessment | C21: =+'2027 Budget -Draft'!J205 -> 12500 | E21: =+'2027 Budget -Draft'!I205 -> 16170 | G21: =+(C21-E21)/C21 -> -0.2936 | I21: =+C21-E21 -> -3670
B22: Health & Human Services | C22: =+'2027 Budget -Draft'!J184 -> 24867 | E22: =+'2027 Budget -Draft'!I184 -> 24867 | G22: =+(C22-E22)/C22 -> 0 | I22: =+C22-E22 -> 0
B23: Community Center | C23: =+'2027 Budget -Draft'!J215 -> 29992.822 | E23: =+'2027 Budget -Draft'!I215 -> 29519.73 | G23: =+(C23-E23)/C23 -> 0.015773504 | I23: =+C23-E23 -> 473.0919
B24: Trash/Recycling | C24: =+'2027 Budget -Draft'!J221 -> 102780 | E24: =+'2027 Budget -Draft'!I221 -> 128727.83 | G24: =+(C24-E24)/C24 -> -0.25245991 | I24: =+C24-E24 -> -25947.83 | J24: New Contract/and only 571 households
B25: Transportation (including Transportation Employment) | C25: =+'2027 Budget -Draft'!J180 -> 487543.56 | E25: =+'2027 Budget -Draft'!I180 -> 605767.61 | G25: =+(C25-E25)/C25 -> -0.2424892 | I25: =+C25-E25 -> -118224.05 | J25: Any $ for Old Military Road
B26: Public Safety | C26: =+'2027 Budget -Draft'!J134 -> 347428.9 | E26: =+'2027 Budget -Draft'!I134 -> 407602.61 | G26: =+(C26-E26)/C26 -> -0.17319721 | I26: =+C26-E26 -> -60173.714 | J26: Tender Replacement in 2026
B27: Capital Outlay | C27: 0 | E27: 68108 | G27: -1 | I27: =+C27-E27 -> -68108 | J27: New Truck Out fitted in 2026
B28: Debt Service | C28: =+'2027 Budget -Draft'!J201 -> 145305.9 | E28: =+'2027 Budget -Draft'!I201 -> 164188.82 | G28: =+(C28-E28)/C28 -> -0.12995288 | I28: =+C28-E28 -> -18882.92 | J28: CP Fire Truck Paid off in 2026
A29: Total Expenditures | C29: =SUM(C20:C28) -> 1282457.2 | E29: =SUM(E20:E28) -> 1576741.1 | G29: =+(C29-E29)/C29 -> -0.22946883 | I29: =SUM(I20:I28) -> -294283.95
A31: Net | C31: =+C17-C29 -> 32486.941 | E31: =+E17-E29 -> -0.0068000001

Sheet Debt Service & Levy Calculation
G1: Line B | H1: After 7/1/2005
C2: (per Budget) | E2: (per Budget) | G2: Decrease in debt | H2: Debt
A3: Originated | C3: 2027 Debt Service Levy | E3: 2026 Debt Service Levy | G3: prior to 7/1/2005
A4: 2017 | B4: New Truck | C4: =+'[1]Detailed Budget Worksheet'!R189 -> 13890.33 | E4: =+'[1]Detailed Budget Worksheet'!P189 -> 13890.33 | G4: 0 | H4: =+E4 -> 13890.33
A5: 2017 | B5: CP Fire Truck | C5: =+'[1]Detailed Budget Worksheet'!R194 -> 18882.92 | E5: 0 | G5: 0 | H5: =+E5 -> 0
A6: 2017 | B6: Stagecoarch RdRepl | C6: =+'[1]Detailed Budget Worksheet'!R191 -> 59835.31 | E6: =+'[1]Detailed Budget Worksheet'!P191 -> 59835.31 | G6: 0 | H6: =+E6 -> 59835.31
A7: 2019 | B7: MHAJFD Station | C7: =+'[1]Detailed Budget Worksheet'!R198 -> 13717.02 | E7: =+'[1]Detailed Budget Worksheet'!P198 -> 13717.02 | G7: 0 | H7: =+E7 -> 13717.02
A8: 2021 | B8: CP Fire Rapid Response Vehicle | C8: =+'[1]Detailed Budget Worksheet'!R195 -> 8294.88 | E8: =+'[1]Detailed Budget Worksheet'!P195 -> 8294.88 | G8: 0 | H8: =+C8 -> 8294.88
A9: 2022 | B9: Road Repairs | C9: =+'[1]Detailed Budget Worksheet'!R190 -> 39930.36 | E9: =+'[1]Detailed Budget Worksheet'!P190 -> 39930.36 | G9: 0 | H9: =+C9 -> 39930.36
A10: N/A/Annual | B10: Extra P Pmt | C10: =+'[1]Detailed Budget Worksheet'!R186 -> 9638 | E10: =+'[1]Detailed Budget Worksheet'!P186 -> 9638 | G10: =+E10-C10 -> 0 | H10: 0 | J10: Extra Principal Payment not to be included in the Levy Limit Worksheet Per WI DOR
C11: =SUM(C4:C10) -> 164188.82 | E11: =SUM(E4:E10) -> 145305.9 | G11: =SUM(G4:G10) -> 0 | H11: =SUM(H4:H10) -> 135667.9
H12: =SUM(H11:H11) -> 135667.9 | J12: Total Debt after 7/1/2005 is added into calculation the allowable levy limit
H15: 650320 | J15: Levy Limit Worksheet; 2026 Levy before Adjustments
H16: 135667.9 | J16: Adjustment for Debt Service (after 7/1/2025)
H17: =+H15+H16 -> 785987.9 | J17: Total Town Levy

Sheet Trash & Recycling
H1: 96 | I1: Gallon | J1: 571 | K1: household | L1: Number of Residence per Assessor
D2: 2027 | E2: 0.05 | F2: 5 year Term | H2: 65 | I2: Smaller Option
C3: Republic | D3: 11.25 | E3: Trash
D4: 3.75 | E4: Recyle | I4: =4.46+9.6 -> 14.06 | J4: Current | L4: =+C3 -> Republic | O4: Pulled into 2027 Budget
D5: =+D3+D4 -> 15 | E5: per household/month | F5: 17.25 | L5: =+D5*J1*12 -> 102780 | M5: 2027 | O5: =+D3*J1*12 -> 77085 | P5: Trash
F6: Trash Every Week | L6: =+L5*1.05 -> 107919 | M6: 2028 | O6: =+D4*J1*12 -> 25695 | P6: Recycle
O7: =SUM(O5:O6) -> 102780 | P7: Total
D8: 2027 | E8: 0.04 | F8: 5 year Term | G8: 10 Year | H8: 0.035
C9: Pelliterri | D9: 10.75 | E9: Trash | F9: 10 Year Term | G9: 10.25
D10: 6 | E10: Recyle | G10: 5.5
D11: =+D9+D10 -> 16.75 | E11: per household/month | F11: =+D11+4 -> 20.75 | G11: =SUM(G9:G10) -> 15.75 | L11: =+C9 -> Pelliterri
F12: Trash Every Week | L12: =+D11*J1*12 -> 114771 | M12: 2027
D13: Fuel Charge? | L13: =+L12*1.04 -> 119361.84 | M13: 2028
E14: > $4.00/Gallon Surcharge in place
L16: =+L12-L5 -> 11991 | M16: Difference | N16: 2027
